Map: Prion Terraces

Players

LilDicky

  • Race: Terran Terran
  • League: Diamond

MarinPro - Winner!

  • Race: Terran Terran
  • League: Platinum

VOD

http://www.twitch.tv/tumescentpie

Description

Time

  • Played on: Nov. 29, 2015, 2:01 p.m.
  • Length: 6:24
Show
View Real Time Build Order
Export as new Build Order

LilDicky Terran 

Build Orders:  

Get SALT Encoding   

  12  0:01  SCV  
  13  0:13  SCV  
  14  0:18  Supply Depot  
  14  0:26  SCV  
  15  0:30  Refinery  
  15  0:39  SCV  
  16  0:45  Barracks  
  16  0:51  SCV  
  17  1:03  SCV  
  18  1:16  SCV  
  20  1:34  Orbital Command  
  20  1:36  Supply Depot  
  20  1:39  Reaper  
  20  2:02  Command Center, SCV  
  20  2:11  Reaper  
  21  2:18  SCV  
  22  2:25  Factory, Refinery  
  22  2:31  SCV  
  23  2:43  SCV  
  24  2:55  SCV  
  25  2:59  Supply Depot  
  25  3:00  Marine  
  26  3:07  SCV  
  26  3:10  Factory Tech Lab  
  26  3:12  Starport  
  27  3:15  Orbital Command  
  27  3:19  SCV  
  28  3:24  Marine  
  28  3:26  Supply Depot  
  29  3:31  SCV  
  29  3:32  Siege Tank  
  29  3:33  Supply Depot  
  29  3:42  Orbital Command  
  28  4:01  Supply Depot  
  28  4:03  Supply Depot  
  28  4:06  Marine  
  29  4:12  SCV, Barracks x2  
  29  4:13  SCV  
  31  4:35  Marine  
  30  4:43  SCV  
  31  4:45  Widow Mine  
  31  4:48  Medivac  
  35  4:57  SCV  
  35  4:59  Marine  
  37  5:01  Cloaking Field  
  37  5:02  SCV  
  37  5:05  Marine  
  37  5:06  Barracks Reactor  
  39  5:09  SCV  
  39  5:10  Supply Depot  
  40  5:15  SCV  
  40  5:17  Marine  
  40  5:20  Banshee  
  46  5:21  SCV  
  46  5:30  SCV  
  44  5:47  Marine  
  44  5:48  Marine  
  44  5:49  Marine  
Show
View Real Time Build Order
Export as new Build Order

MarinPro Terran - Winner!

Build Orders: Liberator Opening, Reaper Expand 

Get SALT Encoding   

  12  0:01  SCV  
  13  0:13  SCV  
  14  0:18  Supply Depot  
  14  0:25  SCV  
  15  0:39  SCV  
  15  0:41  Barracks  
  16  0:44  Refinery  
  16  0:52  SCV  
  17  1:04  SCV  
  18  1:18  SCV  
  19  1:30  Reaper, Orbital Command  
  20  1:48  Command Center  
  20  2:05  Reaper  
  21  2:12  SCV  
  22  2:24  SCV  
  22  2:27  Factory  
  22  2:29  Refinery  
  23  2:33  Supply Depot  
  23  2:54  SCV  
  23  2:55  Barracks Reactor  
  24  3:06  SCV x2  
  24  3:09  Supply Depot  
  26  3:14  Factory Tech Lab  
  26  3:18  SCV  
  26  3:19  Starport  
  27  3:20  Orbital Command  
  27  3:22  Supply Depot  
  27  3:31  SCV  
  27  3:49  Marine  
  27  3:50  Marine  
  27  3:51  Orbital Command  
  27  3:53  Cyclone  
  31  3:57  Liberator  
  31  4:05  Supply Depot  
  31  4:07  Marine  
  31  4:09  Marine  
  32  4:14  Barracks  
  32  4:16  SCV x2, Barracks  
  38  4:25  Marine  
  38  4:28  SCV  
  38  4:29  SCV  
  40  4:34  Marine  
  40  4:35  Siege Tank  
  44  4:40  SCV  
  44  4:41  SCV  
  44  4:43  Marine  
  47  4:52  Marine  
  48  4:53  SCV x2  
  50  5:00  Refinery  
  50  5:01  Marine  
  50  5:03  Marine x2  
  50  5:05  SCV x2  
  55  5:07  Siege Tank  
  55  5:10  Marine  
  59  5:17  SCV, Supply Depot  
  59  5:18  Marine  
  59  5:19  SCV  
  59  5:20  Supply Depot  
  59  5:21  Marine x2  
  62  5:22  Engineering Bay  
  62  5:28  Marine  
  65  5:36  Marine  
  65  5:39  Marine x2  
  64  5:55  Marine x2  
  64  5:56  Marine  
  64  6:06  SCV x2  
Tags
 
Add a new tag
Caveats
  • Supply blocks, unpowered buildings, or Contaminate may cause inaccurate times.
  • Supply counts are checked every 10 seconds.